 Dungeon Crawl Stone Soup version 0.18.1-8-gdd0e5ea (webtiles) character file.

79 georgeearnest the Ruffian (level 4, -5/44 HPs)
             Began as a Troll Monk on May 28, 2016.
             Splashed by Ijyb's acid (12 damage)
             ... on level 3 of the Dungeon.
             The game lasted 00:03:12 (1591 turns).

georgeearnest the Ruffian (Troll Monk)              Turns: 1591, Time: 00:03:12

Health: -5/44      AC:  1    Str: 19    XL:     4   Next: 17%
Magic:  3/3        EV: 11    Int:  6    God:
Gold:   118        SH:  0    Dex: 13    Spells: 0 memorised, 3 levels left

rFire  . . .     SeeInvis .       - Unarmed
rCold  . . .     Gourm    +     a - +0 robe
rNeg   . . .     Faith    .     (no shield)
rPois  .         Spirit   .     (helmet restricted)
rElec  .         Dismiss  .     (no cloak)
rCorr  .         Reflect  .     (gloves unavailable)
SustAt .         Harm     .     (boots unavailable)
MR     .....                    (no amulet)
Stlth  ++........               (no ring)
                                (no ring)

@: corroded, not resistant to hostile enchantments, unstealthy
A: unfitting armour, claws 3, fast metabolism 3, gourmand, regeneration 2,
shaggy fur 1, tough skin 2
a: no special abilities


You were on level 3 of the Dungeon.
You were not hungry.

You visited 1 branch of the dungeon, and saw 3 of its levels.

You collected 118 gold pieces.

Inventory:

Armour
 a - a +0 robe (worn)
Wands
 o - a wand of disintegration (7/24)
Scrolls
 e - a scroll of recharging {unknown}
 g - 2 scrolls of identify {unknown}
 i - a scroll of magic mapping {unknown}
 j - a scroll of remove curse {unknown}
 k - a scroll of teleportation {unknown}
 l - a scroll of enchant armour {unknown}
 m - a scroll of fog {unknown}
Potions
 c - 2 potions of mutation {unknown}
 d - 3 potions of curing {unknown}
 f - a potion of heal wounds {unknown}
 p - a potion of cancellation {unknown}
Comestibles
 b - 5 bread rations
 h - a meat ration
 n - a beef jerky


   Skills:
 + Level 2.9 Fighting
 + Level 3.2 Dodging
 + Level 1.3 Stealth
 + Level 4.5 Unarmed Combat


You had 3 spell levels left.
You didn't know any spells.

Dungeon Overview and Level Annotations

Branches:
Dungeon (3/15)

Altars:

Annotations:
D:3 Ijyb


Innate Abilities, Weirdness & Mutations

You are too large for most types of armour.
You have claws for hands.
Your metabolism is lightning-fast.
You like to eat raw meat.
You heal very quickly.
You are covered in fur (AC +1).
You have very tough skin (AC +2).


Message History

c - 2 grey potions (gained 1)
You need to eat something NOW!
You need to eat something NOW!
You need to eat something NOW!
There isn't anything here!
Eat which item? (? for menu, Esc to quit)
You continue eating. x2
You finish eating.
That meat ration really hit the spot!
Ijyb the Twisted Goblin comes into view.
He is wielding a dagger.
Found 10 gold pieces.
Ijyb is nearby!
A kobold comes into view. It is wielding a dagger.
Ijyb shouts!
Ijyb zaps a wand.
The bolt of acid misses you.
It is a wand of acid.
Ijyb zaps a wand.
The bolt of acid hits you! The acid corrodes you!
The acid burns!
Ijyb zaps a wand.
The bolt of acid hits you!
* * * LOW HITPOINT WARNING * * *
The acid burns!
You die...

...........#####
...............
.............#######
......gK...........#
...................#
...................#
...................#
..#$....#.........#
####@##.........#
#..#####..#..##.. .
##.# #.........# ..
#..## #.##.##....
...###..###.##.......
............[.[......
..[..................
.....................
###...>..............


You could see Ijyb and a kobold (wandering).

Vanquished Creatures
  2 adders
  3 worms (D:2)
  3 dart slugs
  A giant gecko (D:2)
  5 bats
  3 giant cockroaches
  6 goblins
  7 hobgoblins
  7 kobolds
  A ball python (D:1)
  A giant newt (D:1)
  5 rats (D:1)
44 creatures vanquished.

Notes
Turn   | Place    | Note
--------------------------------------------------------------
     0 | D:1      | georgeearnest the Troll Monk began the quest for the Orb.
     0 | D:1      | Reached XP level 1. HP: 22/22 MP: 0/0
   174 | D:1      | Reached XP level 2. HP: 27/29 MP: 1/1
   604 | D:1      | Reached XP level 3. HP: 36/36 MP: 2/2
  1430 | D:2      | You fall through a shaft!
  1509 | D:3      | Found a faded altar to an unknown god.
  1518 | D:3      | Reached XP level 4. HP: 43/44 MP: 3/3
  1583 | D:3      | Noticed Ijyb
  1591 | D:3      | Splashed by Ijyb's acid

Skill      XL: |  1  2  3 |
---------------+----------+-----
Dodging        | 3 |  3.2
Fighting       | |  2.9
Stealth        | |  1.3
Unarmed Combat | |  4.5

Action                   |  1- 3 |  4- 6 || total
-------------------------+-------+-------++-------
Melee: Unarmed           |   105 |     7 ||   112
       Punch             |     3 |       ||     3
 Stab: Sleeping          |     3 |       ||     3
  Eat: Chunk             |     5 |       ||     5
       Bread ration      |     1 |       ||     1
       Meat ration       |       |     1 ||     1
Armor: Robe              |    46 |     1 ||    47
Dodge: Dodged            |    58 |     5 ||    63
